 Dungeon Crawl Stone Soup version 0.30.0-19-g36f170ea60 (webtiles) character file.

Game seed: 2665338391024572274

60838 tomer the Warrior (level 14, 0/95 HPs)
             Began as a Minotaur Fighter on May 27, 2023.
             Was the Champion of Wu Jian.
             Slain by a bone dragon (7 damage)
             ... on level 1 of the Abyss.
             The game lasted 02:11:55 (19479 turns).

tomer the Warrior (Minotaur Fighter)               Turns: 19479, Time: 02:11:58

Health: 0/95       AC: 22    Str: 20 (21) XL:     14   Next: 58%
Magic:  8/8        EV:  7    Int:  0 (1)  God:    Wu Jian [******]
Gold:   1229       SH: 24    Dex:  7      Spells: 13/13 levels left

rFire   x x x        t - +1 morningstar (protect)
rCold   . . .        r - +2 tower shield
rNeg    . . .        w - +0 chain mail
rPois   +            P - +2 hat
rElec   .            o - +2 cloak
rCorr   .            U - +0 pair of gloves
SInv    .            c - +0 pair of boots
Will    +....        T - amulet of reflection Stlth
                     s - +4 ring of protection
HPRegen 0.00/turn    S - ring of poison resistance
MPRegen 0.11/turn

%: random rage (9%), reflection
@: inhibited regen, slowed, lost intelligence, unable to read, unable to drink,
very slow
A: horns 2, retaliatory headbutt, [berserk 2], [clumsy 2], [deformed body],
[deterioration 2], [dopey 2], [frail 3], [low MP 3], [screaming 2], [inhibited
regeneration], ([teleportitis 2]), [weak 2], [no potion heal 2], [heat
vulnerability 3], [subdued magic 3], [inability to drink after injury 2],
[inability to read after injury 2]
a: Renounce Religion, Wall Jump, Serpent's Lash, Heavenly Storm


You were on level 1 of the Abyss.
You worshipped Wu Jian.
Wu Jian was exalted by your worship.
You visited 6 branches of the dungeon, and saw 21 of its levels.
You visited the Abyss 2 times.
You also visited: Bailey.

You collected 2289 gold pieces.
You spent 1060 gold pieces at shops.

Inventory:

Hand Weapons
 q - a +1 vampiric war axe
 t - a +1 morningstar of protection (weapon)
 v - a +0 sling
 E - a +0 vampiric morningstar
 K - the +6 shillelagh "Devastator" {shatter}
   (You found it on level 11 of the Dungeon)
 Q - a +2 longbow of flaming
Missiles
 m - 33 poisoned darts (quivered)
 p - 19 boomerangs
 L - 2 throwing nets
Armour
 c - a +0 pair of boots (worn)
 o - a +2 cloak (worn)
 r - a +2 tower shield (worn)
 w - a +0 chain mail (worn)
 G - a +2 leather armour of fire resistance
 P - a +2 hat (worn)
 U - a +0 pair of gloves (worn)
Jewellery
 s - a +4 ring of protection (left hand)
 x - a +6 ring of strength
 F - a ring of flight
 J - a +4 ring of protection
 S - a ring of poison resistance (right hand)
 T - an amulet of reflection (around neck)
Wands
 I - a wand of flame (7)
 O - a wand of roots (8)
Scrolls
 a - a scroll of silence
 i - 2 scrolls of noise
 j - 12 scrolls of immolation
 k - 2 scrolls of identify
 n - a scroll of amnesia
 u - 2 scrolls of blinking
 y - 8 scrolls of teleportation
 B - 4 scrolls of enchant armour
 C - 3 scrolls of magic mapping
 R - 3 scrolls of vulnerability
 Y - a scroll of poison
Potions
 d - a potion of might
 e - a potion of berserk rage
 f - 3 potions of cancellation
 h - a potion of mutation {unknown}
 z - 4 potions of curing
 A - a potion of magic
 D - a potion of brilliance
 H - 8 potions of flight
 N - 2 potions of lignification
 X - a potion of haste {unknown}
Miscellaneous
 g - a phial of floods


   Skills:
 + Level 15.9 Fighting
 + Level 15.7 Maces & Flails
 + Level 15.9 Armour
 + Level 15.8 Shields


You had 13 spell levels left.
You didn't know any spells.
Your spell library contained the following spells:

 Spells                   Type           Power      Damage    Failure   Level
 Foxfire                  Conj/Fire      0%         2x1d4     100%        1
 Kiss of Death            Conj/Necr      0%         2d5       100%        1
 Sandblast                Erth           0%         2d4       100%        1
 Shock                    Conj/Air       0%         1d3       100%        1
 Cigotuvi's Dreadful Rot  Necr/Pois/Air  0%         N/A       100%        2
 Passwall                 Tmut/Erth      0%         N/A       100%        2
 Poisonous Vapours        Pois/Air       0%         N/A       100%        2
 Static Discharge         Conj/Air       0%         2-2/arc   100%        2
 Call Canine Familiar     Summ           0%         N/A       100%        3
 Confusing Touch          Hex            0%         N/A       100%        3
 Ignite Poison            Fire/Tmut/Pois 0%         N/A       100%        3
 Mephitic Cloud           Conj/Pois/Air  0%         N/A       100%        3
 Portal Projectile        Hex/Tloc       0%         N/A       100%        3
 Stone Arrow              Conj/Erth      0%         3d7       100%        3
 Swiftness                Air            0%         N/A       100%        3
 Tukima's Dance           Hex            0%         N/A       100%        3
 Airstrike                Air            0%         2d(0-16)  100%        4
 Animate Armour           Summ/Erth      0%         N/A       100%        4
 Animate Dead             Necr           0%         N/A       100%        4
 Dispel Undead            Necr           0%         3d6       100%        4
 Leda's Liquefaction      Hex/Erth       0%         N/A       100%        4
 Olgreb's Toxic Radiance  Pois           0%         N/A       100%        4
 Passage of Golubria      Tloc           0%         N/A       100%        4
 Sticky Flame             Conj/Fire      0%         2d3       100%        4
 Summon Ice Beast         Ice/Summ       0%         N/A       100%        4
 Summon Lightning Spire   Summ/Air       0%         N/A       100%        4
 Blade Hands              Tmut           0%         N/A       100%        5
 Fireball                 Conj/Fire      0%         3d3       100%        5
 Freezing Cloud           Conj/Ice/Air   0%         6-21      100%        5
 Irradiate                Conj/Tmut      0%         3d11      100%        5
 Iskenderun's Battlesphe  Conj           0%         2d6       100%        5
 Lee's Rapid Deconstruct  Erth           0%         3d4*      100%        5
 Summon Mana Viper        Hex/Summ       0%         N/A       100%        5
 Yara's Violent Unravell  Hex/Tmut       0%         3d3       100%        5
 Conjure Ball Lightning   Conj/Air       0%         3x3d6     100%        6
 Iron Shot                Conj/Erth      0%         9d1       100%        6
 Plasma Beam              Fire/Air       0%         2x1d11    100%        6
 Starburst                Conj/Fire      0%         6d3       100%        6
 Statue Form              Tmut/Erth      0%         N/A       100%        6
 Dragon Form              Tmut           0%         N/A       100%        7
 Haunt                    Necr/Summ      0%         N/A       100%        7
 Monstrous Menagerie      Summ           0%         N/A       100%        7
 Orb of Destruction       Conj           0%         9d5       100%        7
 Storm Form               Tmut/Air       0%         N/A       100%        7
 Discord                  Hex            0%         N/A       100%        8
 Ignition                 Fire           0%         3d3       100%        8
 Infestation              Necr           0%         N/A       100%        8
 Maxwell's Capacitive Co  Air            0%         ∞         100%        8


Dungeon Overview and Level Annotations

Branches:
Dungeon (11/15)            Temple (1/1) D:5            Lair (5/5) D:10
 Shoals (2/4) Lair:3       Spider (1/4) Lair:3        Slime (1/5) Lair:5
    Orc (0/2) D:11         Bailey (visited)

Altars:
Ashenzari
Cheibriados
Dithmenos
Elyvilon
Fedhas
Gozag
Hepliaklqana
Kikubaaqudgha
Makhleb
Nemelex Xobeh
Okawaru
Qazlal
Ru
Sif Muna
Trog
Uskayaw
Vehumet
Wu Jian
Xom
Yredelemnul
Zin
The Shining One
Jiyva
Lugonu

Shops:
D:5 =   D:10 =

Portals:
Abyss: Lair:5

Annotations:
D:8 locked treasure box with many enemies
D:11 Erolcha


Innate Abilities, Weirdness & Mutations

You have a pair of horns on your head.
You reflexively headbutt those who attack you in melee.
[You have an uncontrollable temper.]
[You are very clumsy. (Dex -4)]
[Armour fits poorly on your strangely shaped body.]
[Your body often deteriorates upon taking damage.]
[You are very dopey. (Int -4)]
[You are extremely frail. (-30% HP)]
[Your magical capacity is extremely low. (-30% MP)]
[You frequently scream uncontrollably at your foes.]
[You do not regenerate when monsters are visible.]
[((You are often teleported next to monsters.))]
[You are very weak. (Str -4)]
[Potions cannot restore your health.]
[You are extremely vulnerable to heat. (rF---)]
[Your spells are much easier to cast, but much less powerful.]
[You sometimes lose the ability to drink potions when taking damage.]
[You sometimes lose the ability to read scrolls when taking damage.]


Message History

You feel stupid.
You have lost your intelligence.
You occasionally lose the ability to read scrolls when taking damage.
You lose the ability to read scrolls when taking damage more often.
You are suddenly pulled into a different region of the Abyss!
You can move again.
A bone dragon comes into view.
Found a gateway leading out of the Abyss.
The bone dragon attacks as you move away!
The bone dragon bites you but does no damage.
You block the bone dragon's attack. x2
You spin and attack the bone dragon repeatedly.
You completely miss the bone dragon.
You hit the bone dragon but do no damage.
Your weapon exudes an aura of protection.
You block the bone dragon's attack. The bone dragon claws you!
You feel threatened and lose the ability to read scrolls!
You feel threatened and lose the ability to drink potions!
* * * LOW HITPOINT WARNING * * *
You block the bone dragon's attack.
The bone dragon bites you but does no damage.
You block the bone dragon's attack.
The bone dragon tramples you but does no damage.
The bone dragon attacks as you move away!
You block the bone dragon's attack. x3
You block the bone dragon's attack.
The bone dragon claws you but does no damage.
You block the bone dragon's attack.
The bone dragon attacks as you move away!
The bone dragon bites you but does no damage.
The bone dragon claws you but does no damage.
You block the bone dragon's attack.
You can drink potions again.
The bone dragon bites you!
You feel threatened and lose the ability to drink potions!
* * * LOW HITPOINT WARNING * * *
Your body deteriorates!
You feel weakened. The bone dragon barely misses you.
The bone dragon tramples you!
You feel threatened and lose the ability to read scrolls!
You die...

#..#..## ###.
#..#
#....#.#.#
...#....#.# .
.# #.#.####
#.. ###..#..#
..#
#.#...###...#.
#...#.#......
#..##@..#
#...D##..#
##..## .∩#
#### .# .


You could see a bone dragon.

Vanquished Creatures
  Snorg (Lair:5)
  Fannar (D:11)
  2 hydras
  2 boulder beetles
  A merfolk avatar (Shoals:1)
  A centaur warrior (D:9)
  2 two-headed ogres
  4 thrashing horrors
  9 death yaks
  A wretched star (Abyss:1)
  Amaemon (D:11)
  2 skysharks
  A sea snake (Shoals:2)
  An orc knight (Bailey)
  A lindwurm (Lair:5)
  A deep elf pyromancer (D:11)
  An ugly thing (Lair:5)
  2 manticores
  Joseph (D:9)
  17 elephants
  2 black mambas
  A merfolk siren (Lair:3)
  A water nymph (Shoals:2)
  4 gargoyles
  A smoke demon (Abyss:1)
  2 rime drakes
  An orange demon (D:11)
  10 cane toads
  Psyche (D:8)
  3 komodo dragons
  2 ancient zymes
  A meliai (shapeshifter) (Lair:5)
  2 trolls
  38 blink frogs
  A hornet (D:9)
  Prince Ribbit (D:8)
  12 dream sheep
  A spriggan (Lair:5)
  A water elemental (Shoals:2)
  A vampire (Abyss:1)
  2 wraiths
  5 wyverns
  3 ynoxinuls (Lair:5)
  Eustachio (D:5)
  4 redbacks (Lair:3)
  26 yaks
  8 basilisks
  A steam dragon (D:7)
  2 chaos spawn (Lair:5)
  An acid dragon (D:8)
  4 large abominations
  15 water moccasins
  8 orc warriors
  3 ice beasts
  2 black bears
  A sky beast (D:7)
  12 wolves
  An ogre (D:6)
  A boggart (D:9)
  7 starcursed masses (Abyss:1)
  5 centaurs
  2 phantoms
  Blork the orc (D:3)
  9 bullfrogs
  3 kobold brigands
  3 gnoll sergeants
  3 scorpions
  19 wights
  10 small abominations (Lair:5)
  A killer bee (D:9)
  An electric eel (Lair:3)
  2 howler monkeys
  A lava snake (Lair:4)
  3 jellies
  3 hounds
  7 orc priests
  2 gnoll boudas (D:7)
  4 iguanas
  2 sleepcaps
  10 orc wizards
  14 gnolls
  6 adders
  A white imp (D:6)
  An ufetubus (D:7)
  2 worms
  A dart slug (D:2)
  42 orcs
  14 ball pythons
  An endoplasm (D:1)
  3 giant cockroaches
  8 goblins
  5 hobgoblins
  4 jackals (D:2)
  5 quokkas
  5 bats (D:1)
  2 frilled lizards (D:1)
  28 kobolds
  4 rats
482 creatures vanquished.

Vanquished Creatures (others)
  A slime creature (D:8)
  2 fire vortices (Lair:4)
3 creatures vanquished.

Grand Total: 485 creatures vanquished

Notes
Turn   | Place    | Note
-------+----------+-------------------------------------------
     0 | D:1      | tomer the Minotaur Fighter began the quest for the Orb.
     0 | D:1      | Reached XP level 1. HP: 19/19 MP: 0/0
   224 | D:1      | Reached XP level 2. HP: 22/27 MP: 1/1
  1076 | D:2      | Reached XP level 3. HP: 33/33 MP: 2/2
  1558 | D:3      | Found a broken altar of Ashenzari.
  1763 | D:3      | Found an ornate altar of the Wu Jian Council.
  1771 | D:3      | Became a worshipper of the Wu Jian Council
  1893 | D:3      | Reached XP level 4. HP: 40/41 MP: 3/3
  2075 | D:3      | Found an opulent altar of Gozag.
  2528 | D:4      | Noticed a kobold brigand
  2660 | D:4      | Noticed Blork the orc
  2758 | D:4      | Identified the +5 dagger of Blind Justice {holy, rElec}
  2822 | D:4      | Reached XP level 5. HP: 47/47 MP: 4/4
  3022 | D:3      | Killed Blork the orc
  3023 | D:3      | Reached skill level 5 in Fighting
  3023 | D:3      | Reached skill level 5 in Armour
  3069 | D:3      | Reached skill level 5 in Shields
  3069 | D:3      | Reached XP level 6. HP: 56/56 MP: 5/5
  3202 | D:4      | Reached * piety under Wu Jian
  3381 | D:5      | Entered Level 5 of the Dungeon
  3454 | D:5      | Reached skill level 5 in Maces & Flails
  3469 | D:5      | Reached XP level 7. HP: 62/62 MP: 6/6
  3541 | D:5      | Noticed Eustachio
  3557 | D:5      | Found Sixaip's Jewellery Shoppe.
  3579 | D:5      | Killed Eustachio
  3750 | D:5      | Found a staircase to the Ecumenical Temple.
  3759 | Temple   | Entered the Ecumenical Temple
  3951 | D:5      | Reached XP level 8. HP: 71/71 MP: 7/7
  4061 | D:5      | Found a glowing silver altar of Zin.
  4373 | D:5      | Bought a +4 ring of protection for 360 gold pieces
  4868 | D:6      | Reached ** piety under Wu Jian
  4897 | D:6      | Found a hazy altar of Hepliaklqana.
  5062 | D:6      | Reached XP level 9. HP: 80/81 MP: 8/8
  6457 | D:7      | Noticed a manticore
  6488 | D:7      | Noticed a gargoyle
  6509 | D:7      | Killed a gargoyle
  6545 | D:7      | Killed a manticore
  6545 | D:7      | Reached *** piety under Wu Jian
  6546 | D:7      | Reached XP level 10. HP: 58/91 MP: 9/9
  6853 | D:8      | Found a flagged portal.
  6858 | D:8      | Found a blossoming altar of Fedhas.
  6932 | Bailey   | Entered a bailey
  6967 | Bailey   | Noticed an orc knight
  7110 | Bailey   | Killed an orc knight
  7111 | Bailey   | Reached skill level 10 in Fighting
  7185 | Bailey   | Reached skill level 10 in Armour
  7296 | Bailey   | Identified the +5 whip "Hulavvoh" {flame, rElec Int+4}
  7436 | D:8      | Noticed Psyche
  7465 | Abyss:1  | Cast into level 1 of the Abyss (Psyche)
  7476 | D:8      | Escaped the Abyss
  7480 | D:8      | Killed Psyche
  7481 | D:8      | Reached skill level 10 in Shields
  7591 | D:8      | Noticed Prince Ribbit
  7617 | D:8      | Killed Prince Ribbit
  7664 | D:8      | Noticed a cyclops
  7664 | D:8      | Noticed a cane toad
  7664 | D:8      | Noticed a skeletal warrior
  7664 | D:8      | Noticed a deep elf pyromancer
  7668 | D:8      | Noticed a gargoyle
  7679 | D:8      | Reached skill level 10 in Maces & Flails
  7712 | D:8      | Noticed a harpy
  7769 | D:8      | Noticed a manticore
  7788 | D:8      | Killed a manticore
  8025 | D:8      | Noticed a death drake
  8129 | D:8      | Noticed a broodmother
  8437 | D:9      | Noticed a centaur warrior
  8605 | D:9      | Reached **** piety under Wu Jian
  8652 | D:9      | Noticed Joseph
  8674 | D:9      | Killed Joseph
  8675 | D:9      | Reached XP level 11. HP: 71/101 MP: 10/10
  8973 | D:9      | Found a sparkling altar of Nemelex Xobeh.
  9324 | D:9      | Killed a centaur warrior
  9575 | D:10     | Entered Level 10 of the Dungeon
  9821 | D:10     | Found a staircase to the Lair.
 10215 | D:10     | Found Bauzo's Jewellery Boutique.
 10220 | D:10     | Bought a ring of poison resistance for 280 gold pieces
 10220 | D:10     | Bought an amulet of reflection for 420 gold pieces
 10363 | D:10     | Noticed a two-headed ogre
 10371 | D:10     | Killed a two-headed ogre
 10527 | Lair:1   | Entered Level 1 of the Lair of Beasts
 10850 | Lair:1   | You fall into a shaft and drop 1 floor!
 11181 | Lair:1   | Reached XP level 12. HP: 113/113 MP: 11/11
 12249 | Lair:2   | Noticed a six-headed hydra
 12264 | Lair:2   | Killed a six-headed hydra
 12962 | Lair:3   | Reached ***** piety under Wu Jian
 13211 | Lair:3   | Found a hole to the Spider Nest.
 13349 | Spider:1 | Entered Level 1 of the Spider Nest
 13349 | Spider:1 | Noticed a broodmother
 13601 | Lair:3   | Found a staircase to the Shoals.
 13615 | Shoals:1 | Entered Level 1 of the Shoals
 13639 | Shoals:1 | Noticed a merfolk avatar
 13985 | Shoals:1 | Killed a merfolk avatar
 14373 | Lair:3   | Reached XP level 13. HP: 100/123 MP: 12/12
 14760 | Lair:4   | Found a snail-covered altar of Cheibriados.
 15352 | Lair:5   | Entered Level 5 of the Lair of Beasts
 16071 | Lair:5   | Found a viscous altar of Jiyva.
 16072 | Lair:5   | Found a staircase to the Slime Pits.
 16081 | Slime:1  | Entered Level 1 of the Pits of Slime
 16876 | Lair:5   | Reached skill level 15 in Fighting
 16880 | Lair:5   | Reached skill level 15 in Armour
 16880 | Lair:5   | Noticed Snorg
 16900 | Lair:5   | Killed Snorg
 16901 | Lair:5   | Reached skill level 15 in Shields
 16921 | Lair:5   | Reached XP level 14. HP: 100/135 MP: 13/13
 17197 | Lair:5   | Reached skill level 15 in Maces & Flails
 17706 | Lair:5   | Found a corrupted altar of Lugonu.
 17706 | Lair:5   | Found a one-way gate to the infinite horrors of the Abyss.
 18343 | D:11     | Noticed Amaemon
 18372 | D:11     | Killed Amaemon
 18567 | D:11     | Found a staircase to the Orcish Mines.
 18593 | D:11     | Noticed Fannar
 18642 | D:11     | Killed Fannar
 18642 | D:11     | Reached ****** piety under Wu Jian
 18953 | D:11     | Found an iron altar of Okawaru.
 18967 | D:11     | Found the +6 shillelagh "Devastator" {shatter}
 19063 | D:11     | Noticed Erolcha
 19069 | Abyss:1  | Cast into level 1 of the Abyss (Erolcha)
 19350 | Abyss:1  | Lost intelligence.
 19355 | Abyss:1  | Found a corrupted altar of Lugonu.
 19358 | Abyss:1  | Found a corrupted altar of Lugonu.
 19358 | Abyss:1  | Found a corrupted altar of Lugonu.
 19386 | Abyss:1  | HP: 4/136 [something (7)]
 19462 | Abyss:1  | Lost intelligence.
 19473 | Abyss:1  | Noticed a bone dragon
 19479 | Abyss:1  | Slain by a bone dragon

Illustrated notes

Levels and vault maps discovered:
D:1:      dpeg_arrival_water_fire, layout_basic, chequers_jeans
D:2:      layout_loops_ring
D:3:      layout_loops_corners, mainiacjoe_overflow_alcove_1,
          nicolae_overflow_crystal_walls, general_overflow_altar
D:4:      layout_cave_pools, uniq_blork_the_orc
D:5:      layout_cave_pools, lemuel_tele_altar,
          minmay_temple_entry_gardened_gates, serial_shops, shop,
          grunt_ministairs_2, uniq_eustachio
D:6:      layout_loops_corners, nicolae_hepliaklqana_hazy_memory
D:7:      minmay_chambers_of_sevens, layout_cave_pools,
          minmay_fractal_squares_gapless_5
D:8:      layout_loops_cross, fedhas_altar_1, enter_bailey_8, minivault_12,
          uniq_prince_ribbit1, uniq_psyche
D:9:      layout_roguey, nemelex_diamond_rough_becter, minmay_bent, uniq_joseph
D:10:     minmay_general_purpose_star, layout_layer_cave, lair_entry_dummy,
          serial_shops, nicolae_shop_pleasant_corner_grove
D:11:     minmay_roctagon, layout_grid_maze, doesnt_xom_only_xom, uniq_amaemon,
          uniq_fannar, uniq_erolcha
Temple:   bh_familiar_temple
Lair:1:   layout_layer_cave, serial_bayou_crossing, grunt_megastairs_1
Lair:2:   layout_gridlike, beast_lair_carwin_9, serial_bayou_shore_a,
          lemuel_fruit_tree
Lair:3:   layout_loops_ring, elwin_shoals_entry_rooms, spider_nest_entry_webs
Lair:4:   layout_gridlike, basic_altar
Lair:5:   hellmonk_lair_end_abyssal_woods, layout_regular_city,
          dpeg_slime_entry_corner, uniq_snorg
Shoals:1: layout_shoals
Shoals:2: layout_shoals, hellmonk_ghost_happy_afterlife,
          hangedman_shoals_cup_caves
Spider:1: layout_cave_pods, drop_trap, hellmonk_deceptive_appearances
Slime:1:  layout_caves
Abyss:1:  base: D:2, base: Elf:1, bh_silent_lugonu_exit

Skill      XL: |  1  2  3  4  5  6  7  8  9 10 11 12 13 14 |
---------------+-------------------------------------------+-----
Fighting       | 4 5 6 8 9 10 12 13 15 | 15.9
Armour         | 4 5 6 7 9 10 12 13 15 | 15.9
Shields        | 4 5 6 7 9 10 12 13 15 | 15.8
Maces & Flails | 3 4 5 6 7 9 10 12 13 14 15 | 15.7

Action                     |  1- 3 |  4- 6 |  7- 9 | 10-12 | 13-15 || total
---------------------------+-------+-------+-------+-------+-------++-------
  Melee: Flail             |   119 |     6 |       |       |       ||   125
         Headbutt          |    18 |    16 |    52 |   153 |   179 ||   418
         War axe           |       |   104 |   237 |       |       ||   341
         Morningstar       |       |       |    51 |   783 |   756 ||  1590
  Throw: Dart              |       |       |       |     2 |     8 ||    10
         Stone             |       |       |       |     2 |       ||     2
 Invoke: Serpent's Lash    |       |       |       |     6 |     4 ||    10
Ability: Lunge             |     1 |     5 |    15 |    33 |    38 ||    92
         Whirlwind         |       |     1 |    12 |    40 |    54 ||   107
         Wall Jump         |       |       |    11 |    16 |     9 ||    36
    Use: Scroll            |     1 |     8 |     3 |     7 |     4 ||    23
         Potion            |       |       |     1 |     4 |     8 ||    13
   Stab: Invisible         |       |       |       |       |     3 ||     3
         Distracted        |       |       |       |       |     1 ||     1
 Armour: Scale mail        |    53 |    58 |    85 |       |       ||   196
         Chain mail        |       |       |    94 |   275 |   248 ||   617
  Dodge: Dodged            |    30 |    40 |   105 |   118 |   118 ||   411
  Block: Buckler           |     7 |       |       |       |       ||     7
         Kite shield       |    41 |    74 |   132 |    96 |       ||   343
         Tower shield      |       |       |       |   612 |   825 ||  1437
         Reflection        |       |       |       |     4 |    25 ||    29
